 Dungeon Crawl Stone Soup version 0.16-a0-327-gbff0e38 (webtiles) character file.

281 Ratboiler the Ruinous (level 6, -2/36 HPs)
             Began as an Octopode Conjurer on Sept 5, 2014.
             Succumbed to poison (a potion of poison)
             ... on Level 4 of the Dungeon.
             The game lasted 00:14:08 (3863 turns).

Ratboiler the Ruinous (Octopode Conjurer)           Turns: 3863, Time: 00:14:09

HP  -2/36        AC  6     Str  7      XL: 6   Next: 27%
MP  10/10        EV 18     Int 19      God:
Gold 110         SH  4     Dex 18      Spells:  3 memorised,  3 levels left

rFire  . . .     SeeInvis .     a - +3 mace (protect)
rCold  . . .     Clarity  .     e - +0 buckler
rNeg   . . .     rCorr    .     (helmet restricted)
rPois  .         rRot     .     (no amulet)
rElec  .         Spirit   .     (no ring)
SustAb .         Warding  .     (no ring)
rMut   .         Stasis   .     (no ring)
Gourm  .                        (no ring)
MR     .....                    (no ring)
                                (no ring)
                                (no ring)
                                (no ring)

@: agile, lethally poisoned, not resistant to hostile enchantments, quite
stealthy
A: almost no armour, amphibious, 8 rings, constrict 8, camouflage 1, gelatinous
body 1
a: no special abilities


You were on level 4 of the Dungeon.
You were not hungry.

You visited 1 branch of the dungeon, and saw 4 of its levels.

You collected 110 gold pieces.

Inventory:

Hand weapons
 a - a +3 mace of protection (weapon)
 p - a +0 dagger
Armour
 e - a +0 buckler (worn)
Comestibles
 b - 2 bread rations
Scrolls
 d - a scroll of amnesia
 h - a scroll of enchant weapon
Potions
 g - a potion of curing {unknown}
 i - a potion of magic {unknown}
 l - a potion of confusion {unknown}
 m - 2 potions of poison
Books
 c - a book of Conjurations

   Spells                             Type                      Level
   *Magic Dart                        Conjuration                  1
   *Searing Ray                       Conjuration                  2
   *Dazzling Spray                    Conjuration/Hexes            3
   Fulminant Prism                    Conjuration/Hexes            4
   Iskenderun's Mystic Blast          Conjuration                  4
   Iskenderun's Battlesphere          Conjuration/Charms           5


   Skills:
 + Level 3.7 Dodging
 + Level 5.0 Stealth
 - Level 2.0 Spellcasting
 * Level 5.9 Conjurations


You had 3 spell levels left.
You knew the following spells:

 Your Spells              Type           Power        Failure   Level  Hunger
a - Magic Dart            Conj           ###.         1%          1    #......
b - Searing Ray           Conj           ###...       3%          2    ##.....
c - Dazzling Spray        Conj/Hex       ##......     21%         3    ####...


Dungeon Overview and Level Annotations

Branches:
Dungeon (4/15)
 Temple: D:4-7

Altars:
Cheibriados
Gozag
Trog
Zin

Annotations:
D:4 Prince Ribbit


Innate Abilities, Weirdness & Mutations

You cannot wear most types of armour.
You are amphibious.
You can wear up to eight rings at the same time.
You can use your tentacles to constrict many enemies at once.
Your skin changes colour to match your surroundings (Stealth).
Your rubbery body absorbs attacks (AC +1).


Message History

The gnoll sergeant hits you from afar with a spear of venom.
You are more poisoned.
The gnoll hits you but does no damage.
The gnoll hits you from afar with a spear!
* * * LOW HITPOINT WARNING * * *
2 gnolls come into view.
There is an open door here.
* * * LOW HITPOINT WARNING * * *
You feel sick.
* * * LOW HITPOINT WARNING * * *
You feel sick.
Drink which item? (? for menu, Esc to quit)
That liquid tasted very nasty...
You are more poisoned.
It was a potion of poison.
* * * LOW HITPOINT WARNING * * *
You feel sick. The gnoll completely misses you.
Drink which item? (? for menu, Esc to quit)
You feel agile all of a sudden.
It was a potion of agility.
You die...

#################################
.P..........................P....
.......%.P................P......
≈≈≈≈≈≈≈≈≈≈≈%≈≈≈≈≈≈≈≈≈≈≈≈≈≈≈≈≈≈≈≈≈
≈≈≈≈≈≈≈≈≈≈≈≈≈≈≈≈≈≈≈≈≈≈≈≈≈≈≈≈≈≈≈≈≈
≈#####≈≈≈≈≈≈≈≈%≈≈≈≈≈≈≈≈≈≈≈≈≈≈≈≈≈≈
≈#...#......................%....
≈#...#'##########################
≈###+#....')....@gg..'.......'...
≈≈.# #....#########gg#########)..
≈≈.# #....#


gggg.ggg #... ≈≈.# ###### gg.ggg.g...g #### ≈≈.# g.....g.g..... ≈≈.#
............ ≈≈.# #####''##### ≈≈.# .... ≈≈.# .... You could see a gnoll
sergeant, a gnoll shaman and 5 gnolls.

Vanquished Creatures
  An ogre (D:4)
  A worker ant (D:3)
  Terence (D:3)
  5 adders
  3 gnolls (D:4)
  2 worms
  A giant gecko (D:1)
  4 orcs (D:3)
  4 bats
  5 goblins
  8 hobgoblins
  20 jackals
  5 kobolds
  A quokka (D:2)
  4 giant cockroaches
  4 giant newts (D:2)
  7 rats
76 creatures vanquished.

Notes
Turn   | Place    | Note
--------------------------------------------------------------
     0 | D:1      | Ratboiler, the Octopode Conjurer, began the quest for the Orb.
     0 | D:1      | Reached XP level 1. HP: 11/11 MP: 3/3
   439 | D:1      | Reached XP level 2. HP: 17/17 MP: 0/4
   443 | D:1      | Learned a level 2 spell: Searing Ray
  1118 | D:2      | Reached XP level 3. HP: 21/21 MP: 1/6
  1168 | D:2      | Found a bloodstained altar of Trog.
  1384 | D:2      | Found an opulent altar of Gozag.
  1385 | D:2      | Found a glowing silver altar of Zin.
  2096 | D:3      | Reached XP level 4. HP: 11/27 MP: 0/7
  2492 | D:3      | Reached skill level 5 in Conjurations
  2714 | D:3      | Found a snail-covered altar of Cheibriados.
  2754 | D:3      | Reached XP level 5. HP: 21/31 MP: 1/9
  2864 | D:3      | Noticed Terence
  2871 | D:3      | Learned a level 3 spell: Dazzling Spray
  2878 | D:3      | Killed Terence
  3097 | D:4      | Noticed Prince Ribbit
  3374 | D:4      | Noticed an ogre
  3419 | D:4      | Killed an ogre
  3419 | D:4      | Reached skill level 5 in Stealth
  3419 | D:4      | Reached XP level 6. HP: 20/36 MP: 0/10
  3862 | D:4      | HP: 1/36 [poison (a potion of poison)]
  3863 | D:4      | Succumbed to poison (a potion of poison)

Action                   |  1- 3 |  4- 6 || total
-------------------------+-------+-------++-------
Melee: Dagger            |    72 |     6 ||    78
       Mace              |       |    61 ||    61
 Cast: Magic Dart        |    34 |    57 ||    91
       Searing Ray       |     2 |     3 ||     5
       Dazzling Spray    |       |     3 ||     3
  Use: Scroll            |       |     6 ||     6
       Potion            |       |     2 ||     2
 Stab: Sleeping          |     1 |     2 ||     3
  Eat: Chunk             |     4 |     7 ||    11
